AoeStats
← lxcho-_-

Oasis

509248665Analyzed
4v4 RM · 5d ago on Sep 26, 2026· 34m 8s· 8 players
Game mode
Random Map
Map size
Large (8 player)
Population
200
Speed
Normal
Resources
Standard
Victory
Conquest
Starting age
Dark Age
Ending age
Imperial Age
RankedLock teamsTeams togetherTeam positionsShared explorationLock speedFull tech treeHidden civsTurbo modeCheats
Victory
Defeat
🇺🇸 Persians · United States
910
+15
🇨🇦 Persians · Canada
897
+15
🇨🇱 Britons · Chile
866
+17
🇨🇦 Teutons · Canada
841
+17
🇨🇱 Huns · Chile
933
-46
🇨🇱 Magyars · Chile
862
-30
🇨🇱 Saxons · Chile
862
-30
🇨🇱 Danes · Chile
862
-30
ExiledBLEEZY420
0:36 Loom
9:36 Feudal Age
11:01 Wheelbarrow
10:20 Double-Bit Axe
18:16 Stone Mining
22:14 Castle Age
23:04 Pikeman
23:49 Squires
32:06 Hand Cart
34:36 Bow Saw
Drolsorcen
11:05 Feudal Age
11:29 Loom
11:50 Loom
15:09 Double-Bit Axe
15:08 Horse Collar
22:11 Castle Age
24:46 Bow Saw
28:42 Wheelbarrow
BurningChild
4:53 Loom
12:07 Feudal Age
12:46 Double-Bit Axe
18:21 Horse Collar
20:48 Castle Age
20:36 Arson
23:13 Wheelbarrow
23:48 Gold Mining
23:50 Stone Mining
25:14 Bow Saw
31:31 Imperial Age
29:59 Ballistics
29:12 Pikeman
29:53 Squires
31:25 Hand Cart
31:49 Town Watch
SLK Björn Ironside
12:00 Feudal Age
12:39 Loom
18:01 Castle Age
23:07 Pikeman
24:30 Stone Mining
27:35 Fletching
28:51 Padded Archer Armor
28:47 Bodkin Arrow
lxcho-_-
11:07 Feudal Age
13:33 Horse Collar
14:29 Bloodlines
16:48 Wheelbarrow
21:18 Castle Age
22:14 Light Cavalry
23:45 Double-Bit Axe
25:20 Fletching
25:55 Gold Mining
26:26 Thumb Ring
27:06 Husbandry
26:29 Light Cavalry
33:23 Ballistics
33:20 Heavy Plow
34:03 Scale Barding Armor
Lhu
8:24 Loom
11:38 Feudal Age
14:44 Man-at-Arms
15:17 Arson
17:27 Wheelbarrow
21:06 Scale Mail Armor
21:16 Forging
22:04 Double-Bit Axe
22:02 Horse Collar
25:32 Castle Age
24:01 Gold Mining
24:05 Stone Mining
26:40 Hand Cart
27:02 Squires
26:52 Gambesons
27:51 Iron Casting
27:32 Chain Mail Armor
29:10 Gold Shaft Mining
29:20 Bow Saw
29:16 Heavy Plow
30:41 Caravan
nOnY
7:06 Loom
10:08 Feudal Age
17:54 Castle Age
18:23 Forging
18:26 Bloodlines
23:56 Double-Bit Axe
24:18 Fletching
30:34 Gold Mining
33:10 Wheelbarrow
33:55 Scale Barding Armor
Tio Gilipollas
11:49 Feudal Age
13:45 Double-Bit Axe
17:01 Castle Age
14:54 Horse Collar
16:34 Stone Mining
17:22 Wheelbarrow
27:03 Coinage
27:04 Loom
27:35 Hand Cart
27:26 Heavy Plow
29:39 Caravan
31:36 Padded Archer Armor
31:27 Fletching
32:37 Treadmill Crane
33:07 Fortified Wall
33:22 Ballistics
Connection lost

Rejoining the realm…

Still unreachable

The connection could not be restored.

Session expired

The server has moved on; the page needs a fresh start.